 Dungeon Crawl Stone Soup version 0.28-a0-382-g33c4956463 (webtiles) character file.

Game seed: 17101934520659026360

815 MacCMillion the Geomancer (level 7, -3/36 HPs)
             Began as a Gargoyle Earth Elementalist on Sept 2, 2021.
             Was an Initiate of Kikubaaqudgha.
             Killed from afar by an acid dragon (9 damage)
             ... with a splash of acid
             ... on level 5 of the Dungeon.
             The game lasted 00:17:53 (6619 turns).

MacCMillion the Geomancer (GrEE)                    Turns: 6619, Time: 00:17:53

Health: -3/36      AC:  7    Str: 11    XL:     7   Next: 94%
Magic:  5/10       EV: 11    Int: 18    God:    Kikubaaqudgha [......]
Gold:   249        SH:  0    Dex: 10    Spells: 2/10 levels left

rFire   . . .      SeeInvis .   x - +1 short sword (venom)
rCold   . . .      Faith    .   (no shield)
rNeg    + . .      Spirit   .   b - +0 robe
rPois   ∞          Reflect  .   (no helmet)
rElec   +          Harm     .   (no cloak)
rCorr   .          Rampage  .   h - +0 pair of gloves
Will    .....                   (no boots)
Stlth   ++........              (no amulet)
HPRegen 0.12/turn               (no ring)
MPRegen 0.12/turn               (no ring)

@: about to teleport, invisible
A: sickness immunity, AC +4, negative energy resistance 1, electricity
resistance, torment resistance 1, petrification resistance
a: Renounce Religion


You were on level 5 of the Dungeon.
You worshipped Kikubaaqudgha.
Kikubaaqudgha was noncommittal.
You visited 1 branch of the dungeon, and saw 5 of its levels.

You collected 249 gold pieces.

Inventory:

Hand Weapons
 f - a +0 dagger
 l - a +0 rapier
 x - a +1 short sword of venom (weapon)
Missiles
 c - 133 stones
Armour
 b - a +0 robe (worn)
 h - a +0 pair of gloves (worn)
Magical Staves
 g - a staff of death
Jewellery
 a - a ring of magical power
 w - a ring of protection from fire
Wands
 y - a wand of flame (1)
Scrolls
 d - a scroll of enchant armour {unknown}
 i - 2 scrolls of teleportation
 n - a scroll of fear {unknown}
 o - 2 scrolls of noise {unknown}
 r - a scroll of vulnerability {unknown}
 s - a scroll of holy word {unknown}
 t - a scroll of amnesia {unknown}
 u - a scroll of fog {unknown}
Potions
 e - a potion of brilliance
 j - a potion of haste
 m - a potion of degeneration {unknown}
 p - a potion of heal wounds {unknown}
 q - a potion of resistance {unknown}
 v - a potion of curing {unknown}
 z - a potion of lignification {unknown}
 A - a potion of flight {unknown}


   Skills:
 - Level 3.0 Short Blades
 - Level 1.5 Dodging
 - Level 2.1 Stealth
 - Level 2.0 Spellcasting
 + Level 4.8 Conjurations
 - Level 1.0 Transmutations
 + Level 8.2 Earth Magic
 + Level 1.0 Evocations


You had 2 spell levels left.
You knew the following spells:

 Your Spells              Type           Power      Damage    Failure   Level
a - Sandblast             Erth           62%        2d14      1%          1
b - Stone Arrow           Conj/Erth      50%        3d10      3%          3
c - Animate Dead          Necr           0%         N/A       87%         4

Your spell library contained the following spells:

 Spells                   Type           Power      Damage    Failure   Level
 Passwall                 Tmut/Erth      15%        N/A       4%          2
 Wereblood                Tmut           5%         N/A       19%         2
 Petrify                  Tmut/Erth      18%        N/A       26%         4
 Frozen Ramparts          Ice            2%         1d2       47%         3
 Gell's Gravitas          Tloc           0%         N/A       47%         3
 Lesser Beckoning         Tloc           1%         N/A       47%         3
 Teleport Other           Tloc           1%         N/A       47%         3
 Borgnjor's Vile Clutch   Necr/Erth      8%         N/A       67%         5
 Ice Form                 Ice/Tmut       3%         N/A       82%         4
 Summon Ice Beast         Ice/Summ       1%         N/A       87%         4
 Death Channel            Necr           0%         N/A       100%        6
 Summon Hydra             Summ           0%         N/A       100%        7
 Sublimation of Blood     Necr           Unusable   N/A       N/A         2

Dungeon Overview and Level Annotations

Branches:
Dungeon (5/15)
 Temple: D:4-7

Altars:
Kikubaaqudgha
Makhleb
Nemelex Xobeh
Uskayaw
Vehumet
Yredelemnul
Zin

Shops:
D:2 :


Innate Abilities, Weirdness & Mutations

You are immune to sickness and miasma.
Your stone body is resilient. (AC +4)
You are immune to poison.
You resist negative energy. (rN+)
You are resistant to electric shocks. (rElec)
You are resistant to unholy torment.
You are immune to petrification.


Message History

The acid dragon roars!
The blast of sand hits the acid dragon but does no damage.
The acid dragon bites you. The acid dragon claws you.
The blast of sand hits the acid dragon!
The acid dragon is heavily wounded.
The acid dragon closely misses you. x2
The blast of sand hits the acid dragon but does no damage.
The acid dragon is heavily wounded.
The acid dragon spits acid at you. The splash of acid hits you!
You are too injured to fight recklessly!
Aiming: Sandblast (safe; 1% risk of failure)
Press: ? - help, Q - select action, (/) - cycle Shift-Dir - straight line, f/p - acid dragon
Aim: an acid dragon (heavily wounded, catching its breath, 82% to hit)
The blast of sand hits the acid dragon but does no damage.
The acid dragon is heavily wounded.
The acid dragon closely misses you.
The acid dragon claws you but does no damage.
Aiming: Sandblast (safe; 1% risk of failure)
Press: ? - help, Q - select action, (/) - cycle Shift-Dir - straight line, f/p - acid dragon
Aim: an acid dragon (heavily wounded, catching its breath, 82% to hit)
The blast of sand misses the acid dragon.
The acid dragon misses you. The acid dragon closely misses you.
Aiming: Sandblast (safe; 1% risk of failure)
Press: ? - help, Q - select action, (/) - cycle Shift-Dir - straight line, f/p - acid dragon
Aim: an acid dragon (heavily wounded, catching its breath, 82% to hit)
The blast of sand hits the acid dragon.
The acid dragon is severely wounded.
The acid dragon bites you.
* * * LOW HITPOINT WARNING * * *
The acid dragon claws you.
* * * LOW HITPOINT WARNING * * *
As you read the scroll of teleportation, it crumbles to dust.
You feel strangely unstable. The acid dragon barely misses you. x2
Okay, then.
You fade into invisibility!
The acid dragon spits acid at you. The splash of acid hits you!
You die...
Kikubaaqudgha rasps: "You have failed me!
Welcome... oblivion!"

######.......##..#.##
######.....>..
#.###.#.. #.# ..
##############.###..##
.......<...(.......#
#####..........#..##
#............##
#...>..@...###
#...!.D....#
#..........#
#.....?.?..#
#..........#
############


You could see an acid dragon (catching breath).

Vanquished Creatures
  Eustachio (D:5)
  An ice beast (D:5)
  A black bear (D:5)
  An ogre (D:5)
  Blork the orc (D:5)
  A water moccasin zombie (D:3)
  A hound (D:2)
  An orc priest (D:5)
  A jelly (D:4)
  2 orc wizards
  A howler monkey skeleton (D:5)
  5 adders
  A white imp (D:5)
  A dart slug (D:3)
  15 orcs
  4 endoplasms
  3 giant cockroaches
  7 goblins
  5 hobgoblins
  7 kobolds
  A quokka (D:2)
  5 ball pythons
  7 bats
  2 frilled lizards
  5 rats
80 creatures vanquished.

Notes
Turn   | Place    | Note
-------+----------+-------------------------------------------
     0 | D:1      | MacCMillion the Gargoyle Earth Elementalist began the quest
                  | for the Orb.
     0 | D:1      | Reached XP level 1. HP: 10/10 MP: 3/3
     2 | D:1      | Noticed a vampire
     4 | D:1      | Noticed a demonspawn
     4 | D:1      | Noticed a ghoul
     6 | D:1      | Noticed a formicid
     8 | D:1      | Noticed a troll
     8 | D:1      | Noticed a demigod
    10 | D:1      | Noticed a draconian
    10 | D:1      | Noticed a felid
    12 | D:1      | Noticed a gargoyle
    12 | D:1      | Noticed an elf
    14 | D:1      | Noticed a human
    14 | D:1      | Noticed a merfolk
    16 | D:1      | Noticed a tengu
    16 | D:1      | Noticed a palentonga
    18 | D:1      | Noticed a dwarf
    20 | D:1      | Noticed an octopode
    20 | D:1      | Noticed a spriggan
    22 | D:1      | Noticed a vine stalker
    22 | D:1      | Noticed a djinni
    24 | D:1      | Noticed an ogre
    24 | D:1      | Noticed a barachi
    26 | D:1      | Noticed a minotaur
    26 | D:1      | Noticed a naga
   247 | D:1      | Reached skill level 1 in Transmutations
   410 | D:1      | Reached skill level 4 in Earth Magic
   439 | D:1      | Reached XP level 2. HP: 15/15 MP: 5/5
  1534 | D:2      | Reached skill level 5 in Earth Magic
  1534 | D:2      | Reached XP level 3. HP: 10/19 MP: 1/6
  1910 | D:2      | Found Itanergh's Book Boutique.
  2553 | D:2      | Reached XP level 4. HP: 24/24 MP: 7/7
  2764 | D:2      | Reached skill level 6 in Earth Magic
  2768 | D:2      | Learned a level 3 spell: Stone Arrow
  2933 | D:3      | Reached skill level 1 in Conjurations
  3112 | D:2      | Reached XP level 5. HP: 23/28 MP: 1/8
  3328 | D:3      | Found a basalt altar of Yredelemnul.
  3370 | D:3      | Reached skill level 1 in Short Blades
  3525 | D:3      | Found an ancient bone altar of Kikubaaqudgha.
  3569 | D:3      | Became a worshipper of Kikubaaqudgha
  3912 | D:3      | Learned a level 4 spell: Animate Dead
  4547 | D:5      | Entered Level 5 of the Dungeon
  4583 | D:5      | Reached XP level 6. HP: 32/32 MP: 7/9
  4646 | D:5      | Noticed a black bear
  4668 | D:5      | Killed a black bear
  4669 | D:5      | Reached skill level 7 in Earth Magic
  5427 | D:5      | Found a burning altar of Makhleb.
  5445 | D:5      | Noticed an ice beast
  5463 | D:5      | Found a sparkling altar of Nemelex Xobeh.
  5463 | D:5      | Found a radiant altar of Vehumet.
  5464 | D:5      | Found a glowing silver altar of Zin.
  5647 | D:5      | Noticed an acid dragon
  6068 | D:5      | Noticed Blork the orc
  6073 | D:5      | Killed Blork the orc
  6074 | D:5      | Reached XP level 7. HP: 36/36 MP: 6/10
  6075 | D:5      | Found a hide-covered altar of Uskayaw.
  6110 | D:5      | Noticed Eustachio
  6175 | D:5      | Killed Eustachio
  6511 | D:5      | Reached skill level 8 in Earth Magic
  6517 | D:5      | Reached skill level 1 in Evocations
  6619 | D:5      | Killed from afar by an acid dragon

Illustrated notes

Levels and vault maps discovered:
D:1:      kb_arrival_jail, layout_loops_ring
D:2:      layout_rooms, serial_shops, nicolae_shop_stone,
          chequers_serial_rivers_marsh
D:3:      layout_rooms, mainiacjoe_overflow_brackets,
          mainiacjoe_overflow_surrounded_room
D:4:      layout_basic
D:5:      layout_rooms, nicolae_uskayaw_suspiria,
          chequers_temple_overflow_statue_of_worship, grunt_dithmenos_shadows,
          uniq_blork_the_orc, uniq_eustachio

Skill      XL: |  1  2  3  4  5  6  7 |
---------------+----------------------+-----
Transmutations | 1 |  1.0
Earth Magic    | 4 5 6 7 8 |  8.2
Conjurations   | 1 2 3 4 |  4.8
Short Blades   | 1 2 3 |  3.0
Evocations     | 1 |  1.0
Dodging        | |  1.5
Stealth        | |  2.1
Spellcasting   | |  2.0

Action                   |  1- 3 |  4- 6 |  7- 9 || total
-------------------------+-------+-------+-------++-------
Melee: Dagger            |   193 |    25 |       ||   218
       Whip              |    11 |       |       ||    11
       Rapier            |       |    99 |       ||    99
       Short sword       |       |       |    14 ||    14
 Cast: Sandblast         |    10 |    39 |    16 ||    65
Evoke: Wand              |       |       |     7 ||     7
  Use: Scroll            |       |     4 |     2 ||     6
       Potion            |       |       |     1 ||     1
 Stab: Sleeping          |     4 |     2 |       ||     6
Armor: Robe              |    93 |    46 |     7 ||   146
Dodge: Dodged            |   127 |    79 |    12 ||   218

Table legend: (Time is in decaauts)
 A = Elapsed time spent in this place.
 B = Non-inter-level travel time spent in this place.
 C = Inter-level travel time spent in this place.
 D = Time resting spent in this place.
 E = Time spent auto-exploring this place.
 F = Levels seen in this place.
 G = Mean time per level.
                   A        B        C        D        E       F      G
               +--------+--------+--------+--------+--------+-----+--------+
         Total |   6643 |   6297 |    346 |   1684 |   3314 |   5 | 1328.6 |
       Dungeon |   6643 |   6297 |    346 |   1684 |   3314 |   5 | 1328.6 |
               +--------+--------+--------+--------+--------+-----+--------+

Top non-repeatable levels by time:
     D:4: 1994 daAuts
     D:1: 1624 daAuts
     D:2: 1500 daAuts
     D:3: 778 daAuts
     D:5: 745 daAuts
